 Dungeon Crawl Stone Soup version 0.28-a0-1518-gbe868bca14 (webtiles) character file.

Game seed: 7997583903737654598

323 enile the Nimble (level 6, -1/44 HPs)
             Began as a Gnoll Wanderer on Jan 16, 2022.
             Was an Initiate of Gozag.
             Slain by a wyvern skeleton (5 damage)
             ... on level 4 of the Dungeon.
             The game lasted 00:04:11 (3265 turns).

enile the Nimble (Gnoll Wanderer)                   Turns: 3265, Time: 00:04:12

Health: -1/44      AC:  6    Str: 14    XL:     6   Next: 47%
Magic:  9/9        EV: 15    Int: 10    God:    Gozag
Gold:   560        SH:  0    Dex: 12    Spells: 9/9 levels left

rFire   . . .      SeeInvis .   r - +0 flail
rCold   . . .      Faith    .   (no shield)
rNeg    . . .      Spirit   .   b - +2 leather armour
rPois   .          Reflect  .   (no helmet)
rElec   .          Harm     .   m - +0 cloak
rCorr   .          Rampage  .   (no gloves)
Will    .....                   (no boots)
Stlth   ++........              (no amulet)
HPRegen 0.14/turn               (no ring)
MPRegen 0.11/turn               (no ring)

@: no status effects
A: fangs 1, strong nose, distributed training
a: Renounce Religion, Potion Petition, Call Merchant, Bribe Branch


You were on level 4 of the Dungeon.
You worshipped Gozag.
Gozag was pleased with you.
You visited 1 branch of the dungeon, and saw 4 of its levels.

You collected 560 gold pieces.

Inventory:

Hand Weapons
 a - a +0 hand crossbow
 g - a +0 dagger
 r - a +0 flail (weapon)
Missiles
 c - 16 bolts
Armour
 b - a +2 leather armour (worn)
 h - a +0 ring mail
 m - a +0 cloak (worn)
 n - a +0 leather armour of cold resistance
 s - a +0 tower shield
Jewellery
 o - a ring of positive energy
Scrolls
 d - a scroll of fog
 e - a scroll of enchant armour {unknown}
 f - a scroll of enchant weapon {unknown}
 i - a scroll of brand weapon {unknown}
 p - a scroll of identify {unknown}
 q - a scroll of fear {unknown}
 t - a scroll of holy word {unknown}
Potions
 j - a potion of invisibility {unknown}
 k - 4 potions of curing {unknown}
 l - 4 potions of haste {unknown}
 u - a potion of berserk rage {unknown}


   Skills:
 + Level 2.0 Fighting
 + Level 2.0 Short Blades
 + Level 2.0 Long Blades
 + Level 2.0 Axes
 + Level 2.0 Maces & Flails
 + Level 2.0 Polearms
 + Level 2.0 Staves
 + Level 2.0 Slings
 + Level 2.0 Bows
 + Level 6.8 Crossbows
 + Level 2.0 Throwing
 + Level 3.2 Armour
 + Level 10.6 Dodging
 + Level 3.1 Stealth
 + Level 2.0 Shields
 + Level 2.0 Unarmed Combat
 + Level 2.0 Spellcasting
 + Level 1.5 Conjurations
 + Level 1.5 Hexes
 + Level 1.5 Summonings
 + Level 1.5 Necromancy
 + Level 1.5 Translocations
 + Level 1.5 Transmutations
 + Level 1.5 Fire Magic
 + Level 1.5 Ice Magic
 + Level 1.5 Air Magic
 + Level 1.5 Earth Magic
 + Level 1.5 Poison Magic
 + Level 2.2 Invocations
 + Level 2.0 Evocations


You had 9 spell levels left.
You didn't know any spells.
Your spell library contained the following spells:

 Spells                   Type           Power      Damage    Failure   Level
 Animate Skeleton         Necr           8%         N/A       21%         1
 Magic Dart               Conj           16%        1d3       21%         1
 Pain                     Necr           16%        1d4       21%         1
 Searing Ray              Conj           8%         2d4       30%         2
 Summon Guardian Golem    Hex/Summ       4%         N/A       52%         3
 Vampiric Draining        Necr           4%         2d6       52%         3
 Fulminant Prism          Conj/Hex       2%         3d6       89%         4
 Conjure Ball Lightning   Conj/Air       2%         3x3d6     100%        6
 Orb of Destruction       Conj           2%         9d5       100%        7
 Spellforged Servitor     Conj/Summ      2%         N/A       100%        7
 Discord                  Hex            2%         N/A       100%        8
 Disjunction              Tloc           2%         N/A       100%        8


Dungeon Overview and Level Annotations

Branches:
Dungeon (4/15)
 Temple: D:4-7

Altars:
Gozag

Shops:
D:4 *


Innate Abilities, Weirdness & Mutations

You have very sharp teeth.
Your uncanny sense of smell can sniff out nearby items.
Your experience applies equally to all skills.


Message History

No target in view!
No target in view!
No target in view!
No target in view!
You now have 560 gold pieces (gained 5).
Things that are here:
a +0 dagger; 2 boomerangs A wyvern skeleton is nearby!
A wyvern skeleton is nearby!
A wyvern skeleton is nearby!
A wyvern skeleton and a worm come into view.
The worm moves out of view.
The worm barely misses you.
You hit the worm.
The worm is lightly wounded.
The worm bites you but does no damage.
A ball python comes into view.
You sock the wyvern skeleton!
The wyvern skeleton is severely damaged.
The wyvern skeleton bites you! x2
You hit the wyvern skeleton but do no damage.
The wyvern skeleton is severely damaged.
The wyvern skeleton bites you. The wyvern skeleton misses you.
You thump the wyvern skeleton!
The wyvern skeleton is almost destroyed.
The wyvern skeleton misses you.
You hit the wyvern skeleton but do no damage.
Your bite misses the wyvern skeleton.
The wyvern skeleton is almost destroyed.
The wyvern skeleton bites you!
* * * LOW HITPOINT WARNING * * *
The wyvern skeleton misses you.
You hit the wyvern skeleton but do no damage.
The wyvern skeleton is almost destroyed.
The wyvern skeleton bites you!
* * * LOW HITPOINT WARNING * * *
The wyvern skeleton bites you but does no damage.
The wyvern skeleton bites you.
You die...
Your body crumbles into a pile of gold.

##########
############.....)..#
#......>.......####.#
#..............# ##.##
...########...####...#####
#..# #.....@Z.......# ...#
#..#####...###.# ##.#
#########.## #.#
.......##w# .##### #.#
#......####....8# #.#
#.#.#..#........# #.#
........8...>... #.#
#.#.#.###........ ..#
#..........∩....#


You could see a wyvern skeleton.

Vanquished Creatures
  An ogre (D:2)
  A howler monkey (D:3)
  A hound (D:3)
  An orc priest (D:3)
  An adder (D:2)
  3 gnolls (D:2)
  A worm (D:3)
  3 dart slugs
  9 orcs
  8 endoplasms
  2 giant cockroaches (D:1)
  9 goblins
  8 hobgoblins
  3 kobolds
  5 quokkas
  6 ball pythons
  6 bats
  A frilled lizard (D:2)
  8 rats
77 creatures vanquished.

Vanquished Creatures (others)
  3 withered plants (D:1)
3 creatures vanquished.

Grand Total: 80 creatures vanquished

Notes
Turn   | Place    | Note
-------+----------+-------------------------------------------
     0 | D:1      | Reached skill level 10 in Dodging
     0 | D:1      | enile the Gnoll Wanderer began the quest for the Orb.
     0 | D:1      | enile set off with the following items: a +0 hand crossbow,
                  | a +2 leather armour, 27 bolts, a scroll of fog
     0 | D:1      | Reached XP level 1. HP: 13/13 MP: 1/1
    70 | D:1      | Reached XP level 2. HP: 19/19 MP: 2/2
   244 | D:1      | Found a faded altar of an unknown god.
   291 | D:1      | Reached XP level 3. HP: 24/25 MP: 3/3
   305 | D:1      | Prayed at the altar of an unknown god.
   305 | D:1      | Became a worshipper of Gozag Ym Sagoz the Greedy
   682 | D:2      | Reached skill level 1 in Invocations
   846 | D:2      | Noticed an ogre
   850 | D:2      | Killed an ogre
   851 | D:2      | Reached skill level 1 in Fighting
   851 | D:2      | Reached skill level 1 in Short Blades
   851 | D:2      | Reached skill level 1 in Long Blades
   851 | D:2      | Reached skill level 1 in Axes
   851 | D:2      | Reached skill level 1 in Maces & Flails
   851 | D:2      | Reached skill level 1 in Polearms
   851 | D:2      | Reached skill level 1 in Staves
   851 | D:2      | Reached skill level 1 in Slings
   851 | D:2      | Reached skill level 1 in Bows
   851 | D:2      | Reached skill level 1 in Throwing
   851 | D:2      | Reached skill level 1 in Shields
   851 | D:2      | Reached skill level 1 in Unarmed Combat
   851 | D:2      | Reached skill level 1 in Spellcasting
   851 | D:2      | Reached skill level 1 in Conjurations
   851 | D:2      | Reached skill level 1 in Hexes
   851 | D:2      | Reached skill level 1 in Summonings
   851 | D:2      | Reached skill level 1 in Necromancy
   851 | D:2      | Reached skill level 1 in Translocations
   851 | D:2      | Reached skill level 1 in Transmutations
   851 | D:2      | Reached skill level 1 in Fire Magic
   851 | D:2      | Reached skill level 1 in Ice Magic
   851 | D:2      | Reached skill level 1 in Air Magic
   851 | D:2      | Reached skill level 1 in Earth Magic
   851 | D:2      | Reached skill level 1 in Poison Magic
   851 | D:2      | Reached skill level 1 in Evocations
   851 | D:2      | Reached XP level 4. HP: 32/32 MP: 4/6
   851 | D:2      | Reached XP level 5. HP: 37/37 MP: 4/7
  1729 | D:3      | Reached XP level 6. HP: 41/44 MP: 8/8
  2362 | D:4      | Found Yxetown's General Store.
  3265 | D:4      | Slain by a wyvern skeleton

Illustrated notes

Levels and vault maps discovered:
D:1:      shiori_shiawase, layout_rooms, ebering_ecumenical_altar_petrified
D:2:      cheibrodos_old_hovel, layout_basic, kennysheep_cross_room,
          nrook_mini_vaults
D:3:      layout_basic, st_stairs_3
D:4:      kennysheep_goblin_castle, layout_loops_ring,
          minmay_temple_entry_statues_fountains, serial_shops,
          nicolae_stop_n_shop_1

Skill      XL: |  1  2  3  4  5  6 |
---------------+-------------------+-----
Dodging        | | 10.6
Invocations    | 1 2 |  2.2
Fighting       | 1 2 |  2.0
Short Blades   | 1 2 |  2.0
Long Blades    | 1 2 |  2.0
Axes           | 1 2 |  2.0
Maces & Flails | 1 2 |  2.0
Polearms       | 1 2 |  2.0
Staves         | 1 2 |  2.0
Slings         | 1 2 |  2.0
Bows           | 1 2 |  2.0
Throwing       | 1 2 |  2.0
Shields        | 1 2 |  2.0
Unarmed Combat | 1 2 |  2.0
Spellcasting   | 1 2 |  2.0
Conjurations   | 1 |  1.5
Hexes          | 1 |  1.5
Summonings     | 1 |  1.5
Necromancy     | 1 |  1.5
Translocations | 1 |  1.5
Transmutations | 1 |  1.5
Fire Magic     | 1 |  1.5
Ice Magic      | 1 |  1.5
Air Magic      | 1 |  1.5
Earth Magic    | 1 |  1.5
Poison Magic   | 1 |  1.5
Evocations     | 1 2 |  2.0
Armour         | 3 |  3.2
Stealth        | 3 |  3.1
Crossbows      | |  6.8

Action                   |  1- 3 |  4- 6 || total
-------------------------+-------+-------++-------
Melee: Flail             |       |    78 ||    78
       Bite              |       |    10 ||    10
       Punch             |       |     1 ||     1
 Fire: Hand crossbow     |    79 |    60 ||   139
 Stab: Sleeping          |       |     2 ||     2
       Distracted        |       |     1 ||     1
Armor: Leather armour    |     6 |    27 ||    33
Dodge: Dodged            |    20 |    89 ||   109

Table legend: (Time is in decaauts)
 A = Elapsed time spent in this place.
 B = Non-inter-level travel time spent in this place.
 C = Inter-level travel time spent in this place.
 D = Time resting spent in this place.
 E = Time spent auto-exploring this place.
 F = Levels seen in this place.
 G = Mean time per level.
                   A        B        C        D        E       F      G
               +--------+--------+--------+--------+--------+-----+--------+
         Total |   3315 |   3221 |     94 |    735 |   1810 |   4 |  828.8 |
       Dungeon |   3315 |   3221 |     94 |    735 |   1810 |   4 |  828.8 |
               +--------+--------+--------+--------+--------+-----+--------+

Top non-repeatable levels by time:
     D:3: 1691 daAuts
     D:2: 954 daAuts
     D:1: 595 daAuts
     D:4: 73 daAuts
